[Event "Titled Tuesday Blitz November 01 Late 2022"]
[White "Han, Yichen"]
[Black "Mahdavi, Reza"]
[WhiteFideId "1054430"]
[BlackFideId "12595926"]
[WhiteElo "2597"]
[BlackElo "2862"]
[Result "1-0"]
[Round "02"]
[TimeControl "180+1"]
[Date "2022.11.02"]
[WhiteClock "0:00:14"]
[BlackClock "0:00:06"]

1. d4 Nf6 2. Nf3 g6 3. c4 Bg7 4. Nc3 O-O 5. e4 d6 6. Be2 e5 7. O-O Bg4 8. dxe5 Bxf3 9. Bxf3 dxe5 10. Bg5 c6 11. b4 Na6 12. Qb3 Qb6 13. Rab1 Rad8 14. Be3 Qc7 15. b5 Nb8 16. b6 Qe7 17. bxa7 Nbd7 18. Qxb7 Qa3 19. Qb3 Qa6 20. Na4 Ra8 21. Nc5 Nxc5 22. Bxc5 Rfc8 23. Rfd1 g5 24. Qb7 Qxb7 25. Rxb7 g4 26. Be2 Nxe4 27. Bb6 Nc3 28. Bxg4 Rf8 29. Rdd7 Na4 30. c5 e4 31. Bh5 Be5 32. Bxf7+ Kg7 33. Bb3+ Kg6 34. Bxa4 e3 35. Bc2+ Kg5 36. fxe3 Rae8 37. Re7 Bf6 38. Rxe8 Rxe8 39. Rb8 Rxe3 40. a8=Q Bd4 41. Rg8+ Kh5 42. g4+ Kh4 43. Qd8+ Re7+ 44. Qxd4 Re1+ 45. Kf2 Re7 46. Qf6+ Kh3 47. Qh6# 1-0


[Site "https://www.chess.com"]

[Event "Titled Tuesday Blitz November 01 Late 2022"]
[White "Hemam, Moulaye Brahim"]
[Black "Goltsev, Dmitry"]
[WhiteFideId "19600054"]
[BlackFideId "24176710"]
[WhiteElo "2088"]
[BlackElo "2257"]
[Result "0-1"]
[Round "02"]
[TimeControl "180+1"]
[Date "2022.11.02"]
[WhiteClock "0:00:43"]
[BlackClock "0:02:29"]

1. e4 e6 2. d4 d5 3. Nc3 c5 4. Nf3 Nf6 5. e5 Ne4 6. Bd3 Nxc3 7. bxc3 Nc6 8. O-O Be7 9. Be3 g5 10. Nd2 h5 11. Bb5 Bd7 12. Bxc6 Bxc6 13. f4 g4 14. f5 Qa5 15. c4 Qc3 16. Qe1 cxd4 17. Bf2 dxc4 18. f6 Bb4 19. Ne4 Qxe1 20. Bxe1 Bxe4 21. Bxb4 Bxc2 22. Rac1 d3 23. Kf2 a5 24. Bc3 b5 25. a3 Kd7 26. Ke3 Rhb8 27. Kf4 b4 28. axb4 axb4 29. Bd4 c3 30. Kg5 Ra2 31. Kxh5 d2 32. Rcd1 Bxd1 33. Rxd1 c2 0-1


[Site "https://www.chess.com"]

[Event "Titled Tuesday Blitz November 01 Late 2022"]
[White "Herman, Daniel"]
[Black "Curtis, John"]
[WhiteFideId "30935008"]
[BlackFideId "3200256"]
[WhiteElo "1897"]
[BlackElo "2203"]
[Result "1/2-1/2"]
[Round "02"]
[TimeControl "180+1"]
[Date "2022.11.02"]
[WhiteClock "0:01:22"]
[BlackClock "0:01:29"]

1. c4 Nf6 2. Nc3 c5 3. Nf3 g6 4. d4 cxd4 5. Nxd4 Nc6 6. g3 Nxd4 7. Qxd4 Bg7 8. Bg2 O-O 9. O-O d6 10. Qd2 Rb8 11. b3 a6 12. a4 Bd7 13. a5 Bc6 14. Bb2 Bxg2 15. Kxg2 b6 16. axb6 Rxb6 17. Ra3 Qa8+ 18. f3 Qb7 1/2-1/2


[Site "https://www.chess.com"]

[Event "Titled Tuesday Blitz November 01 Late 2022"]
[White "Hjartarson, Johann"]
[Black "Paravyan, David"]
[WhiteFideId "2300044"]
[BlackFideId "4194985"]
[WhiteElo "2458"]
[BlackElo "2555"]
[Result "0-1"]
[Round "02"]
[TimeControl "180+1"]
[Date "2022.11.01"]
[WhiteClock "0:00:54"]
[BlackClock "0:00:26"]

1. e4 e5 2. Nf3 Nf6 3. Nxe5 d6 4. Nc4 Nxe4 5. d4 d5 6. Ne3 Be6 7. Bd3 Nc6 8. O-O Nxd4 9. c4 c6 10. cxd5 cxd5 11. Nc3 Nxc3 12. bxc3 Nc6 13. Rb1 Qd7 14. Re1 Be7 15. Qh5 g6 16. Qh6 O-O-O 17. Nc2 Bc5 18. Bb5 a6 19. Ba4 Bf5 20. Bg5 Rde8 21. Rbd1 Rxe1+ 22. Nxe1 Bg4 23. Rc1 Qf5 24. Be3 Bxe3 25. Qxe3 Qe4 26. Qb6 Qxa4 0-1


[Site "https://www.chess.com"]

[Event "Titled Tuesday Blitz November 01 Late 2022"]
[White "Hua, Lefong"]
[Black "Dahlgren, James Allen"]
[WhiteFideId "2602253"]
[BlackFideId "22256873"]
[WhiteElo "2586"]
[BlackElo "2219"]
[Result "1-0"]
[Round "02"]
[TimeControl "180+1"]
[Date "2022.11.02"]
[WhiteClock "0:01:05"]
[BlackClock "0:00:10"]

1. d4 e6 2. c4 c5 3. d5 Nf6 4. Nc3 d6 5. e4 exd5 6. cxd5 g6 7. f4 Bg7 8. Nf3 O-O 9. Be2 Re8 10. Nd2 a6 11. a4 Nbd7 12. O-O Rb8 13. Kh1 b5 14. axb5 axb5 15. Bxb5 Qb6 16. Nc4 Qc7 17. e5 dxe5 18. fxe5 Nxe5 19. Bxe8 Nxe8 20. d6 Qd7 21. Nxe5 Bxe5 22. Bf4 Bxf4 23. Rxf4 Qxd6 24. Qxd6 Nxd6 25. Rd1 Nf5 26. Rd8+ Kg7 27. h4 h5 28. Na4 Kf6 29. Nxc5 Ke5 30. Re4+ Kf6 31. Ree8 Rxb2 32. Ne4+ 1-0


[Site "https://www.chess.com"]

[Event "Titled Tuesday Blitz November 01 Late 2022"]
[White "Iliaguev, Nisim"]
[Black "Freile Martin, Javier"]
[WhiteFideId "2817276"]
[BlackFideId "3600165"]
[WhiteElo "2264"]
[BlackElo "2353"]
[Result "1-0"]
[Round "02"]
[TimeControl "180+1"]
[Date "2022.11.02"]
[WhiteClock "0:02:33"]
[BlackClock "0:00:54"]

1. d4 Nf6 2. Nf3 g6 3. g3 Bg7 4. Bg2 d6 5. O-O O-O 6. b3 Nbd7 7. Bb2 e5 8. dxe5 Ng4 9. Qc1 Ngxe5 10. c4 Re8 11. Nxe5 Nxe5 12. Nc3 c6 13. Qd2 a5 14. Rad1 Qb6 15. Na4 Qc7 16. Qxd6 Qxd6 17. Rxd6 Bg4 18. f3 Be6 19. Rfd1 b5 20. cxb5 cxb5 21. Nc3 a4 22. f4 Ng4 23. Bxa8 Rxa8 24. Rd8+ Rxd8 25. Rxd8+ Bf8 26. Ba3 1-0


[Site "https://www.chess.com"]

[Event "Titled Tuesday Blitz November 01 Late 2022"]
[White "Ismayil, Malak"]
[Black "Sokolovsky, Yahli"]
[WhiteFideId "13412604"]
[BlackFideId "2820242"]
[WhiteElo "1879"]
[BlackElo "2316"]
[Result "0-1"]
[Round "02"]
[TimeControl "180+1"]
[Date "2022.11.02"]
[WhiteClock "0:00:03"]
[BlackClock "0:00:16"]

1. e4 d6 2. d4 g6 3. Nc3 Bg7 4. g3 Nc6 5. Be3 Nf6 6. Bg2 Ng4 7. Nge2 Nxe3 8. fxe3 e5 9. O-O O-O 10. d5 Ne7 11. Qd3 Bd7 12. Nb1 f5 13. Nd2 Kh8 14. c4 Bh6 15. b4 fxe4 16. Nxe4 Nf5 17. Rf3 a5 18. b5 b6 19. Raf1 Qe7 20. N2c3 Ng7 21. Nd2 Rxf3 22. Nxf3 Nf5 23. e4 Ne3 24. Re1 Nxg2 25. Kxg2 Rf8 26. h3 Qd8 27. Rf1 Qc8 28. Ng1 Kg8 29. Rxf8+ Qxf8 30. Qf3 Qc8 31. Nd1 Qd8 32. Ne3 Qg5 33. Kf2 Bc8 34. h4 Qe7 35. Ng4 Bg7 36. Ne2 Qd7 37. Ne3 Qh3 38. Qg2 Qd7 39. Qf3 Bh6 40. Ng1 Bxe3+ 41. Kxe3 Qg7 42. Ke2 Qh6 43. Qe3 Bg4+ 44. Kd3 Qf8 45. Ne2 Qf1 46. Qd2 Kg7 47. Ke3 Qf3# 0-1


[Site "https://www.chess.com"]

[Event "Titled Tuesday Blitz November 01 Late 2022"]
[White "Ivic, Velimir"]
[Black "Ozer, Omer Faruk"]
[WhiteFideId "950122"]
[BlackFideId "6354564"]
[WhiteElo "2863"]
[BlackElo "2600"]
[Result "0-1"]
[Round "02"]
[TimeControl "180+1"]
[Date "2022.11.02"]
[WhiteClock "0:01:09"]
[BlackClock "0:00:07"]

1. d4 Nf6 2. c4 c5 3. d5 e6 4. Nc3 exd5 5. cxd5 d6 6. e4 g6 7. Nf3 Bg7 8. h3 O-O 9. Bd3 a6 10. a4 Re8 11. O-O c4 12. Bxc4 Nxe4 13. Nxe4 Rxe4 14. Bd3 Re8 15. Bf4 Nd7 16. Bxd6 Nb6 17. Bc5 Nxd5 18. Bc4 Be6 19. Qb3 Rc8 20. Bd4 Rxc4 21. Qxc4 Nf4 22. Qb4 Bxd4 23. Rad1 Bxf2+ 24. Kh1 Nd5 25. Qxb7 Qb6 26. Qxb6 Bxb6 27. Rfe1 Rb8 28. Ng5 Nf4 29. Nxe6 Nxe6 30. b4 Bf2 31. Re2 Bg3 32. Re3 Bf4 33. Re4 h5 34. Rb1 h4 35. b5 axb5 36. axb5 Rb6 37. Kg1 Bg3 38. Kf1 Nc5 39. Re3 Rf6+ 40. Rf3 Rxf3+ 41. gxf3 Kf8 42. b6 Ke8 43. b7 Nd7 44. Rc1 Bb8 45. Rc8+ Ke7 46. Ke2 Kd6 47. f4 Bc7 48. Kf3 Kc6 49. Rf8 Nxf8 0-1


[Site "https://www.chess.com"]

[Event "Titled Tuesday Blitz November 01 Late 2022"]
[White "Janaszak, Dawid"]
[Black "Zilleruelo Irizarry, Diego"]
[WhiteFideId "1119206"]
[BlackFideId "3101460"]
[WhiteElo "2226"]
[BlackElo "1998"]
[Result "1-0"]
[Round "02"]
[TimeControl "180+1"]
[Date "2022.11.02"]
[WhiteClock "0:00:36"]
[BlackClock "0:00:05"]

1. e4 c6 2. d4 d5 3. exd5 cxd5 4. Bd3 Nf6 5. c3 g6 6. Nf3 Bf5 7. Ne5 Bxd3 8. Nxd3 Bg7 9. O-O O-O 10. Re1 Nc6 11. Qb3 Na5 12. Qa4 e6 13. Bf4 a6 14. Nd2 b5 15. Qc2 Nc4 16. h3 Rc8 17. Nc5 Qb6 18. b3 Nxd2 19. Qxd2 Rxc5 20. dxc5 Qxc5 21. Be3 Qc6 22. f3 e5 23. Rad1 Rd8 24. Bg5 Qe6 25. Qe3 Re8 26. Re2 Nd7 27. Bh6 f5 28. Bxg7 Kxg7 29. Qa7 Re7 30. Qa8 Nf6 31. Qb8 e4 32. fxe4 dxe4 33. Qd8 f4 34. c4 bxc4 35. bxc4 f3 36. gxf3 Rf7 37. fxe4 Qxc4 38. Qd3 Qc5+ 39. Qd4 Qg5+ 40. Rg2 Qh5 41. Rf1 Qxh3 42. e5 Nd7 43. e6+ Kh6 44. exf7 1-0


[Site "https://www.chess.com"]

[Event "Titled Tuesday Blitz November 01 Late 2022"]
[White "Jarocka, Liwia"]
[Black "Aldokhin, Ivan"]
[WhiteFideId "21807558"]
[BlackFideId "24115720"]
[WhiteElo "1989"]
[BlackElo "2313"]
[Result "0-1"]
[Round "02"]
[TimeControl "180+1"]
[Date "2022.11.02"]
[WhiteClock "0:00:01"]
[BlackClock "0:00:03"]

1. e4 c5 2. Nf3 e6 3. d4 cxd4 4. Nxd4 a6 5. c4 Qc7 6. Nc3 Nf6 7. Bd3 d6 8. O-O Nbd7 9. Kh1 Be7 10. f4 b6 11. Qe2 Bb7 12. b3 O-O 13. Bb2 Rfe8 14. Rac1 Rac8 15. Bb1 Qb8 16. Nf3 Bf8 17. e5 Bxf3 18. Rxf3 dxe5 19. fxe5 Nxe5 20. Rxf6 gxf6 21. Ne4 Bg7 22. Qh5 f5 23. Ng5 h6 24. Bxe5 Qxe5 25. Qxf7+ Kh8 26. Qh5 Qf4 27. Nf7+ Kg8 28. Rg1 Re7 29. g3 Qd2 30. Rd1 Qxd1+ 31. Qxd1 Kxf7 32. Qh5+ Kg8 33. Qg6 Rd8 34. Kg2 Rd1 35. Bxf5 exf5 36. Qxf5 Rd2+ 37. Kh3 Ree2 38. Qc8+ Kf7 39. Qf5+ Ke7 40. Kg4 Rd4+ 41. Kh3 Re5 42. Qc8 Rh5+ 43. Kg2 Rd7 44. Qg8 Rg5 45. Qc8 Bd4 46. h4 Rg7 47. Qxa6 Be5 48. Qxb6 Rxg3+ 49. Kf1 Rf3+ 50. Ke2 Rf6 51. Qc5+ Bd6 52. Qd5 Re6+ 53. Kf1 Bb4 54. Qa8 Rd1+ 55. Kg2 Rd2+ 56. Kf3 Rd3+ 57. Kf2 Bc5+ 58. Kf1 Rd7 59. Qg2 Rf6+ 0-1


[Site "https://www.chess.com"]

[Event "Titled Tuesday Blitz November 01 Late 2022"]
[White "Jaskolka, Tomasz"]
[Black "Polster, Christian"]
[WhiteFideId "1170791"]
[BlackFideId "12965081"]
[WhiteElo "2126"]
[BlackElo "2209"]
[Result "1-0"]
[Round "02"]
[TimeControl "180+1"]
[Date "2022.11.02"]
[WhiteClock "0:01:31"]
[BlackClock "0:00:03"]

1. e4 c5 2. Nf3 Nc6 3. Bb5 g6 4. O-O Bg7 5. Re1 e5 6. d3 a6 7. Bxc6 dxc6 8. c3 Qd6 9. h3 Nf6 10. a4 O-O 11. Na3 b5 12. axb5 axb5 13. Nxb5 Qb8 14. Rxa8 Qxa8 15. Na3 Ne8 16. Be3 Qa5 17. Nc4 Qb5 18. Nfxe5 Be6 19. Qc2 Nc7 20. Na3 Qb6 21. Nec4 Qa7 22. f4 Nb5 23. Qf2 Nxa3 24. Nxa3 1-0


[Site "https://www.chess.com"]

[Event "Titled Tuesday Blitz November 01 Late 2022"]
[White "Jimenez Fernandez, Rebeca"]
[Black "Makaraci, Tunahan"]
[WhiteFideId "32070934"]
[BlackFideId "6356559"]
[WhiteElo "1946"]
[BlackElo "2175"]
[Result "0-1"]
[Round "02"]
[TimeControl "180+1"]
[Date "2022.11.02"]
[WhiteClock "0:00:02"]
[BlackClock "0:00:04"]

1. e4 e5 2. d4 exd4 3. Qxd4 Nc6 4. Qe3 Nf6 5. Nc3 Bb4 6. Bd2 O-O 7. O-O-O d6 8. h3 Be6 9. f4 a5 10. a3 Bc5 11. Qe1 Re8 12. Nf3 Nd4 13. Ng5 h6 14. Nxe6 Rxe6 15. g4 Nf3 16. Qe2 Nxd2 17. Rxd2 c6 18. h4 b5 19. g5 Nh7 20. f5 Re5 21. gxh6 gxh6 22. Qh5 Qf6 23. Rh3 b4 24. Rg3+ Kh8 25. axb4 axb4 26. Nb1 Rxe4 27. Bd3 Re1+ 28. Rd1 Be3+ 29. Rxe3 Rxe3 30. Rg1 Ra2 31. Qg4 Ra8 32. Kd2 Re5 33. Bc4 d5 34. Bd3 c5 35. c4 dxc4 36. Bxc4 Rd8+ 37. Kc2 Re7 38. Nd2 Red7 0-1


[Site "https://www.chess.com"]

[Event "Titled Tuesday Blitz November 01 Late 2022"]
[White "Joubert, Dantelle"]
[Black "Storey, Charles H"]
[WhiteFideId "14310813"]
[BlackFideId "406686"]
[WhiteElo "1507"]
[BlackElo "2252"]
[Result "0-1"]
[Round "02"]
[TimeControl "180+1"]
[Date "2022.11.02"]
[WhiteClock "0:00:20"]
[BlackClock "0:00:19"]

1. d4 d5 2. c4 c6 3. Nc3 e6 4. e3 Nf6 5. Nf3 Nbd7 6. Be2 Bd6 7. O-O O-O 8. Qc2 e5 9. cxd5 Nxd5 10. Nxd5 cxd5 11. dxe5 Nxe5 12. Bd2 Bg4 13. Qd1 Nc4 14. Bc3 Be6 15. Nd4 Bd7 16. Bf3 Qg5 17. Nb3 Be6 18. Nd4 Ne5 19. Be2 Ng4 20. Nxe6 Bxh2+ 21. Kh1 Nxf2+ 22. Rxf2 Qh4 23. Rf3 Bg3+ 24. Kg1 Qh2+ 25. Kf1 Qh1# 0-1


[Site "https://www.chess.com"]

[Event "Titled Tuesday Blitz November 01 Late 2022"]
[White "Kamsky, Gata"]
[Black "Issani, Nameer"]
[WhiteFideId "2000024"]
[BlackFideId "2619130"]
[WhiteElo "2666"]
[BlackElo "2631"]
[Result "1/2-1/2"]
[Round "02"]
[TimeControl "180+1"]
[Date "2022.11.01"]
[WhiteClock "0:00:46"]
[BlackClock "0:01:34"]

1. e4 e5 2. Nf3 Nc6 3. Bb5 a6 4. Ba4 Nf6 5. O-O b5 6. Bb3 Be7 7. Re1 O-O 8. c3 d6 9. d4 Bg4 10. d5 Nb8 11. Nbd2 Nbd7 12. h3 Bh5 13. Nf1 Nc5 14. Bc2 Bg6 15. Ng3 Qd7 16. b3 c6 17. c4 bxc4 18. bxc4 cxd5 19. cxd5 Rac8 20. Bd2 Ne8 21. Be3 f6 22. Nh4 Bf7 23. Nhf5 g6 24. Nh6+ Kg7 25. Nxf7 Rxf7 26. Qg4 Qxg4 27. hxg4 Nc7 28. a4 Na8 29. Rab1 Bd8 30. Bxc5 Rxc5 31. Bd3 Nb6 32. Bxa6 Nxa4 33. Ne2 Ra7 34. Bb5 Ba5 35. Rec1 Nc3 36. Nxc3 Bxc3 37. Bc6 Bd4 38. Rxc5 Bxc5 39. Rb7+ Rxb7 40. Bxb7 Kh6 41. g3 Kg5 42. Bc8 Kh6 43. Kg2 Kg5 44. f3 Bd4 45. Be6 Be3 46. Bg8 h5 47. gxh5 gxh5 48. Kh3 Bf2 49. Bf7 h4 50. gxh4+ Bxh4 51. Be6 Be1 52. Bg4 Kf4 53. Kg2 Bc3 54. Kf2 Bd4+ 55. Ke2 Be3 56. Kd3 Bc5 57. Kc4 Ke3 58. Kb5 Kf4 59. Kc6 Ke3 60. Kd7 Kf4 61. Ke6 Kg5 62. Bf5 Bb4 63. Ke7 Ba3 64. Kd7 Bb4 65. Ke6 Bc5 66. Bg4 Bb4 67. Bf5 Bc5 68. Bg4 Bb4 69. Bf5 1/2-1/2


[Site "https://www.chess.com"]

[Event "Titled Tuesday Blitz November 01 Late 2022"]
[White "Kanyamarala, Tarun"]
[Black "Gireman, Ja"]
[WhiteFideId "45004714"]
[BlackFideId "5043794"]
[WhiteElo "2307"]
[BlackElo "2153"]
[Result "0-1"]
[Round "02"]
[TimeControl "180+1"]
[Date "2022.11.02"]
[WhiteClock "0:00:05"]
[BlackClock "0:00:23"]

1. d4 Nf6 2. Nc3 d5 3. Bf4 c5 4. e3 Nc6 5. Nb5 e5 6. dxe5 Ng4 7. e6 Nge5 8. Nf3 f6 9. Qxd5 Qxd5 10. Nc7+ Kd8 11. Nxd5 Bxe6 12. O-O-O Kc8 13. Bb5 Bxd5 14. Rxd5 Nb4 15. Rd2 a6 16. Be2 Ng6 17. Bg3 Be7 18. a3 Nc6 19. Rhd1 Rd8 20. Nh4 Nxh4 21. Rxd8+ Bxd8 22. Bxh4 Bc7 23. Bg4+ Kb8 24. Rd7 g5 25. Bg3 Bxg3 26. hxg3 Ne5 27. Rd8+ Ka7 28. Rxa8+ Kxa8 29. Bf5 h6 30. b3 Kb8 31. f4 Nf7 32. Kd2 Kc7 33. Kd3 Nd6 34. Be6 Kc6 35. e4 Nb5 36. Bd5+ Kc7 37. a4 Na7 38. e5 fxe5 39. fxe5 Nc8 40. Ke4 Ne7 41. Bc4 Kc6 42. Bf7 b5 43. Be8+ Kb6 44. axb5 axb5 45. e6 b4 46. Ke5 Kc7 47. Kf6 Kd6 48. Bd7 Nd5+ 49. Kf7 Nc7 50. Bc8 Nd5 51. Kg6 Ne7+ 52. Kxh6 Nxc8 53. Kxg5 Kxe6 54. Kf4 Kd5 55. g4 Ne7 56. Kg5 Kd4 57. Kf6 Nd5+ 58. Kf7 Ne3 59. g5 Ng4 60. g6 Ne5+ 61. Kf6 Nxg6 62. Kxg6 Kc3 63. Kf5 Kxc2 64. g4 c4 65. bxc4 b3 66. g5 b2 67. g6 b1=Q 68. g7 Qb8 69. Kg6 Qg8 70. c5 Kd3 71. c6 Ke4 72. c7 Ke5 73. c8=Q Qxc8 74. Kh7 Kf6 75. g8=Q Qh3# 0-1


[Site "https://www.chess.com"]

[Event "Titled Tuesday Blitz November 01 Late 2022"]
[White "Kanyamarala, Trisha"]
[Black "Barash, Anton"]
[WhiteFideId "45004722"]
[BlackFideId "30935229"]
[WhiteElo "2099"]
[BlackElo "2245"]
[Result "0-1"]
[Round "02"]
[TimeControl "180+1"]
[Date "2022.11.02"]
[WhiteClock "0:00:01"]
[BlackClock "0:00:04"]

1. c4 e5 2. Nc3 Nf6 3. g3 d5 4. cxd5 Nxd5 5. Bg2 Nb6 6. Nf3 Nc6 7. O-O Be7 8. d3 O-O 9. b3 Re8 10. Bb2 Bf8 11. Rc1 Nd4 12. Ne4 c6 13. a4 a5 14. Bc3 Be6 15. Ned2 f6 16. Nc4 Nxc4 17. bxc4 Bb4 18. Ba1 Qd6 19. Rb1 Reb8 20. Nd2 Bg4 21. f3 Bd7 22. e3 Nf5 23. Qe2 Bc5 24. Ne4 Qe7 25. Nxc5 Qxc5 26. Rfe1 Qa3 27. d4 exd4 28. exd4 Qxa4 29. Bh3 Nxd4 30. Bxd4 Bxh3 31. Qe7 Qxc4 32. Rxb7 Qxd4+ 33. Kh1 Rxb7 34. Qxb7 Rd8 35. Qb3+ Kh8 36. Qf7 Qd7 37. Qh5 Be6 38. g4 Bd5 39. Re3 g6 40. Qh4 Qd6 41. g5 Qc5 42. Qf4 Rf8 43. gxf6 Qc1+ 44. Kg2 Qb2+ 45. Kg3 Qxf6 46. Qc7 Qg5+ 47. Kf2 Qf6 48. Kg3 Bxf3 49. Qxa5 Bd5 50. Qb4 Qf2+ 51. Kg4 Rf4+ 52. Kg5 Rxb4 53. Kh6 Qh4# 0-1


[Site "https://www.chess.com"]

[Event "Titled Tuesday Blitz November 01 Late 2022"]
[White "Kaplan, Avi Harrison"]
[Black "Ezat, Mohamed"]
[WhiteFideId "30934559"]
[BlackFideId "10600906"]
[WhiteElo "1983"]
[BlackElo "2386"]
[Result "1-0"]
[Round "02"]
[TimeControl "180+1"]
[Date "2022.11.02"]
[WhiteClock "0:00:34"]
[BlackClock "0:00:16"]

1. d4 d6 2. c4 Nf6 3. Nc3 g6 4. e4 Bg7 5. Nge2 O-O 6. Ng3 Nc6 7. d5 Ne5 8. Be2 h5 9. Bg5 Nh7 10. Be3 h4 11. Nf1 h3 12. g4 f5 13. gxf5 gxf5 14. f4 Ng6 15. Rg1 Nh4 16. e5 dxe5 17. fxe5 Ng2+ 18. Kd2 f4 19. Bd4 e6 20. Bf3 Qg5 21. Qe2 Qh6 22. Rd1 Ng5 23. Bxg2 f3 24. Bxf3 Nxf3+ 25. Kc2 Nxg1 26. Bxg1 exd5 27. Nxd5 Qg6+ 28. Kb3 Qxg1 29. Qh5 Rxf1 30. Ne7+ Kf8 31. Rd8+ Kxe7 32. Qe8# 1-0


[Site "https://www.chess.com"]

[Event "Titled Tuesday Blitz November 01 Late 2022"]
[White "Kekic, Armin"]
[Black "Ernst, Sipke"]
[WhiteFideId "14401274"]
[BlackFideId "1004689"]
[WhiteElo "2132"]
[BlackElo "2438"]
[Result "0-1"]
[Round "02"]
[TimeControl "180+1"]
[Date "2022.11.02"]
[WhiteClock "0:00:16"]
[BlackClock "0:00:13"]

1. e4 c5 2. c3 b6 3. d4 Bb7 4. Bd3 e6 5. Nf3 Nf6 6. Qe2 Be7 7. O-O cxd4 8. cxd4 Nc6 9. Nc3 Nb4 10. Bb5 a6 11. Ba4 b5 12. Bb3 d5 13. e5 Ne4 14. Be3 O-O 15. Rfc1 Rc8 16. Nd2 Nxc3 17. bxc3 Nc6 18. f4 Ba3 19. Rc2 f5 20. exf6 Qxf6 21. g3 Rc7 22. Nf3 Rfc8 23. Bf2 Nd8 24. Qd3 Nf7 25. Re1 Rc6 26. h4 R8c7 27. Ng5 Nxg5 28. hxg5 Qg6 29. Qf3 b4 30. Rce2 bxc3 31. Bxd5 exd5 32. Qxd5+ Re6 33. Qd8+ Qe8 34. Qxe8+ Rxe8 35. Rxe8+ Kf7 36. R8e5 c2 37. Be3 c1=Q 38. Bxc1 Bxc1 39. Kf2 Bb2 40. R1e2 Bxd4+ 41. Ke1 Bxe5 42. Rxe5 Re7 43. Rxe7+ Kxe7 44. Kd2 Ke6 0-1


[Site "https://www.chess.com"]

[Event "Titled Tuesday Blitz November 01 Late 2022"]
[White "Khripachenko, Alexander"]
[Black "Kollars, Dmitrij"]
[WhiteFideId "54184975"]
[BlackFideId "12909572"]
[WhiteElo "2201"]
[BlackElo "2584"]
[Result "1/2-1/2"]
[Round "02"]
[TimeControl "180+1"]
[Date "2022.11.01"]
[WhiteClock "0:00:04"]
[BlackClock "0:00:04"]

1. e4 c6 2. d4 d5 3. f3 e6 4. Nc3 Nf6 5. e5 Nfd7 6. f4 c5 7. Nf3 Nc6 8. Be3 a6 9. Qd2 b5 10. a3 Qa5 11. dxc5 b4 12. Ne2 Bxc5 13. Ned4 Nxd4 14. Nxd4 Qb6 15. axb4 Qxb4 16. c3 Qb7 17. Bd3 Nb6 18. Nf5 Bxe3 19. Nd6+ Kf8 20. Qxe3 Qc6 21. O-O f5 22. Ra5 g6 23. Rfa1 Nd7 24. Bb5 Qc7 25. Bxd7 Qxd7 26. Qb6 Kg7 27. Rc5 Ra7 28. Nxc8 Rb7 29. Qd6 Qf7 30. Rxa6 Kh6 31. Rb6 Rxb6 32. Qxb6 Qd7 33. Qc6 Qf7 34. Nd6 Qa7 35. h3 Qa1+ 36. Kh2 Qc1 37. Nf7+ Kg7 38. Nxh8 Qxf4+ 39. Kg1 Qc1+ 40. Kf2 Qd2+ 41. Kg3 Qe3+ 42. Kh2 Qf4+ 43. Kg1 Qe3+ 44. Kf1 Qc1+ 45. Ke2 Qc2+ 46. Ke1 Qc1+ 47. Ke2 Qc2+ 48. Kf3 Qd3+ 49. Kf2 Qd2+ 50. Kg3 Qe3+ 51. Kh2 Qxe5+ 52. Kg1 Qe1+ 53. Kh2 Qe5+ 54. Kg1 Qe3+ 55. Kh2 Qe5+ 1/2-1/2


[Site "https://www.chess.com"]

[Event "Titled Tuesday Blitz November 01 Late 2022"]
[White "Kleiman, Jake"]
[Black "Krzywda, Andrzej"]
[WhiteFideId "2020041"]
[BlackFideId "1114565"]
[WhiteElo "2592"]
[BlackElo "2149"]
[Result "1-0"]
[Round "02"]
[TimeControl "180+1"]
[Date "2022.11.02"]
[WhiteClock "0:00:15"]
[BlackClock "0:00:06"]

1. e4 c5 2. c3 Nf6 3. e5 Nd5 4. Bc4 Nb6 5. Bb3 Nc6 6. Nf3 d6 7. exd6 Qxd6 8. Qe2 e6 9. O-O Be7 10. Na3 a6 11. Nc2 O-O 12. d4 cxd4 13. Ncxd4 Bd7 14. Rd1 Qc7 15. h3 Rfe8 16. Be3 Bf6 17. Rac1 e5 18. Nxc6 Bxc6 19. Ng5 Bxg5 20. Bxg5 h6 21. Bh4 Nd7 22. Qc4 Nf8 23. Qg4 Bd7 24. Qg3 Be6 25. Bf6 Ng6 26. Bh4 Rac8 27. Bc2 Nxh4 28. Qxh4 Rcd8 29. a3 Rd7 30. Rxd7 Bxd7 31. Rd1 Bc6 32. Bf5 e4 33. Rd4 Qe5 34. Bg4 e3 35. fxe3 Qxe3+ 36. Kh2 Qe5+ 37. Qg3 f5 38. Bh5 Qxg3+ 39. Kxg3 Rf8 40. Kf4 g5+ 41. Ke5 Kg7 42. g3 a5 43. h4 f4 44. gxf4 gxh4 45. f5 h3 46. Rg4+ Kh8 47. Rh4 Bg2 48. f6 Kg8 49. Bg6 Rc8 50. Rxh6 Rc5+ 51. Kf4 Rd5 52. f7+ Kg7 53. Rh7+ Kxg6 54. f8=Q Kxh7 55. Qf7+ Kh8 56. Kg3 Rd3+ 57. Kh2 Rf3 58. Qh5+ Kg7 59. Qg5+ Kf7 60. Qd5+ Ke7 61. Qxb7+ Kf6 62. Qc6+ Kf7 63. Qc5 Kf6 64. Qb6+ Kf7 65. Qxa5 Rf1 66. Qc7+ Kf6 67. Qb6+ Kf7 68. Qa7+ Kf6 69. Qe3 Rh1+ 70. Kg3 Rf1 71. Qh6+ Ke7 72. Qg7+ Ke8 73. c4 Rf3+ 74. Kh2 Rf1 75. c5 Rh1+ 76. Kg3 Rg1 77. Qh8+ Kf7 78. Kf2 Rf1+ 79. Ke2 Rh1 80. b4 h2 81. Qh7+ Kf8 82. Qh6+ Kg8 83. Qg5+ Kf7 84. Qxg2 Ra1 85. Qd5+ Ke8 86. Qe5+ Kd7 87. Qxa1 Kc6 88. Qh1+ Kb5 89. Qxh2 Kc4 90. Qd6 Kb5 91. c6 Kb6 92. c7+ Kb7 93. Qc5 Kc8 94. b5 Kb7 95. c8=Q# 1-0


[Site "https://www.chess.com"]

[Event "Titled Tuesday Blitz November 01 Late 2022"]
[White "Kodinets, Konstantin L."]
[Black "Zakhartsov, Vladimir"]
[WhiteFideId "4122011"]
[BlackFideId "4145097"]
[WhiteElo "2564"]
[BlackElo "2821"]
[Result "0-1"]
[Round "02"]
[TimeControl "180+1"]
[Date "2022.11.02"]
[WhiteClock "0:00:35"]
[BlackClock "0:00:51"]

1. d4 Nf6 2. Nf3 c5 3. d5 e6 4. Nc3 exd5 5. Nxd5 Nxd5 6. Qxd5 Be7 7. Bg5 O-O 8. O-O-O Nc6 9. Bxe7 Qxe7 10. c3 Re8 11. e3 a6 12. h4 b5 13. Bd3 Bb7 14. Qh5 h6 15. Bc2 Rad8 16. Rh3 Ne5 17. Rg3 Qf6 18. e4 Kh8 19. Kb1 d5 20. exd5 Bxd5 21. Nxe5 Rxe5 22. Qg4 h5 23. Qh3 Be6 24. Rxd8+ Qxd8 25. Qh1 Qd2 26. Qd1 Re1 0-1


[Site "https://www.chess.com"]

[Event "Titled Tuesday Blitz November 01 Late 2022"]
[White "Kravtsiv, Martyn"]
[Black "Mortazavi, Ali"]
[WhiteFideId "14113147"]
[BlackFideId "401323"]
[WhiteElo "2803"]
[BlackElo "2554"]
[Result "1-0"]
[Round "02"]
[TimeControl "180+1"]
[Date "2022.11.02"]
[WhiteClock "0:01:07"]
[BlackClock "0:00:13"]

1. e4 c6 2. Nf3 d5 3. d3 g6 4. e5 h5 5. d4 Nh6 6. Nbd2 Nf5 7. Nb3 h4 8. Bd3 h3 9. g3 Na6 10. c3 Nc7 11. Ng5 Bh6 12. Qf3 e6 13. Qg4 b6 14. O-O Ba6 15. Bxa6 Nxa6 16. Nxh3 Bxc1 17. Raxc1 Qe7 18. Ng5 O-O-O 19. h4 Kb7 20. Kg2 Nc7 21. Rh1 Kb8 22. Qe2 c5 23. dxc5 bxc5 24. Na5 Qd7 25. c4 Nd4 26. Qe3 Rhf8 27. b4 dxc4 28. Rxc4 Qd5+ 29. Qe4 Qxe4+ 30. Nxe4 cxb4 31. Rxd4 Rxd4 32. Nc6+ Kb7 33. Nxd4 Rd8 34. Nd6+ Ka6 35. Nc6 Rd7 36. Nb8+ Ka5 37. Nxd7 1-0


[Site "https://www.chess.com"]

[Event "Titled Tuesday Blitz November 01 Late 2022"]
[White "Krzyzanowski, Marcin"]
[Black "Leschinsky, Gary"]
[WhiteFideId "1132199"]
[BlackFideId "30951321"]
[WhiteElo "2435"]
[BlackElo "1855"]
[Result "1-0"]
[Round "02"]
[TimeControl "180+1"]
[Date "2022.11.02"]
[WhiteClock "0:01:45"]
[BlackClock "0:01:39"]

1. d4 d5 2. Bf4 c5 3. c3 Nc6 4. Nf3 cxd4 5. cxd4 Nf6 6. Nc3 a6 7. e3 Bf5 8. Be2 e6 9. O-O Bd6 10. Bxd6 Qxd6 11. Rc1 O-O 12. Na4 Nd7 13. a3 Bg4 14. b4 Rac8 15. Nc5 Rc7 16. Bd3 h6 17. h3 Bxf3 18. Qxf3 e5 19. Qg3 Qf6 20. Rc2 exd4 21. Qxc7 Nde5 22. exd4 Nxd3 23. Nxd3 Qg6 24. Qg3 Qf6 25. Ne5 Nxd4 26. Nd7 Qf5 27. Nxf8 Qxc2 28. Qb8 Qd2 29. Ne6+ Kh7 30. Nxd4 Qxd4 31. Qxb7 1-0


[Site "https://www.chess.com"]